 Dungeon Crawl Stone Soup version 0.28-a0-622-gbaef9634d7 (webtiles) character file.

Game seed: 259972619505658572

42 siradein the Grasshopper (level 3, 0/30 HPs)
             Began as a Draconian Warper on Oct 8, 2021.
             Slain by a gnoll (4 damage)
             ... on level 2 of the Dungeon.
             The game lasted 00:03:01 (2003 turns).

siradein the Grasshopper (Draconian Warper)         Turns: 2003, Time: 00:03:01

Health: 0/30       AC:  8    Str: 13    XL:     3   Next: 35%
Magic:  6/6        EV: 12    Int: 14    God:
Gold:   38         SH:  0    Dex: 10    Spells: 1/6 levels left

rFire   . . .      SeeInvis .   a - +0 mace
rCold   . . .      Faith    .   (no shield)
rNeg    . . .      Spirit   .   (armour unavailable)
rPois   .          Reflect  .   (helmet restricted)
rElec   .          Harm     .   (no cloak)
rCorr   +          Rampage  .   d - +2 pair of gloves
Will    .....                   (no boots)
Stlth   +.........              (no amulet)
HPRegen 0.10/turn               n - ring of resist corrosion
MPRegen 0.10/turn               (no ring)

@: mighty, lethally poisoned (0 -> -7)
A: AC +5, unfitting armour, cold-blooded
a: no special abilities


You were on level 2 of the Dungeon.
You visited 1 branch of the dungeon, and saw 2 of its levels.

You collected 38 gold pieces.

Inventory:

Hand Weapons
 a - a +0 mace (weapon)
 m - a +0 hunting sling
Missiles
 c - 5 boomerangs of dispersal (quivered)
 g - 6 atropa-tipped darts
 h - 34 stones
 i - 19 poisoned darts
 k - 5 boomerangs
 p - 22 sling bullets
Armour
 d - a +2 pair of gloves (worn)
Jewellery
 n - a ring of resist corrosion (left hand)
Scrolls
 b - a scroll of blinking
 j - a scroll of enchant armour {unknown}
 q - a scroll of identify {unknown}
Potions
 f - a potion of magic {unknown}
 l - a potion of brilliance {unknown}
 o - a potion of haste {unknown}
 r - a potion of attraction {unknown}


   Skills:
 + Level 2.6 Fighting
 + Level 2.3 Maces & Flails
 + Level 1.4 Throwing
 + Level 2.4 Dodging
 + Level 2.2 Spellcasting
 + Level 3.3 Translocations


You had one spell level left.
You knew the following spells:

 Your Spells              Type           Power      Damage    Failure   Level
a - Blink                 Tloc           N/A        N/A       9%          2
b - Gell's Gravitas       Tloc           5%         N/A       19%         3

Your spell library contained the following spells:

 Spells                   Type           Power      Damage    Failure   Level
 Lesser Beckoning         Tloc           10%        N/A       19%         3
 Teleport Other           Tloc           10%        N/A       19%         3
 Manifold Assault         Tloc           10%        N/A       86%         5


Dungeon Overview and Level Annotations

Branches:
Dungeon (2/15)

Altars:


Innate Abilities, Weirdness & Mutations

Your plain brown scales are hard. (AC +5)
You cannot fit into any form of body armour.
You are cold-blooded and may be slowed by cold attacks.


Message History

You shoot a stone. The stone closely misses the gnoll.
Fire: 38 stones
Press: ? - help, Q - select action, (/) - cycle Shift-Dir - straight line, f/p - gnoll
Aim: a gnoll, wielding a +0 flail (lightly wounded, 60% to hit)
You shoot a stone. The stone hits the gnoll.
The gnoll is heavily wounded.
Fire: 37 stones
Press: ? - help, Q - select action, (/) - cycle Shift-Dir - straight line, f/p - gnoll
Aim: a gnoll, wielding a +0 flail (heavily wounded, 60% to hit)
You shoot a stone. The stone barely misses the gnoll.
Fire: 36 stones
Press: ? - help, Q - select action, (/) - cycle Shift-Dir - straight line, f/p - gnoll
Aim: a gnoll, wielding a +0 flail (heavily wounded, 60% to hit)
You shoot a stone. The stone barely misses the gnoll.
Fire: 35 stones
Press: ? - help, Q - select action, (/) - cycle Shift-Dir - straight line, f/p - gnoll
Aim: a gnoll, wielding a +0 flail (heavily wounded, 60% to hit)
You shoot a stone. The stone barely misses the gnoll.
a - a +0 mace (weapon)
You closely miss the gnoll.
The gnoll is heavily wounded.
The gnoll closely misses you.
The gnoll throws a poisoned dart.
The poisoned dart hits you!
You are poisoned.
You feel very sick. The gnoll hits you with a +0 flail!
The gnoll throws a poisoned dart.
The poisoned dart hits you!
You are lethally poisoned!
You feel very sick.
You feel very sick.
* * * LOW HITPOINT WARNING * * *
You feel very sick.
* * * LOW HITPOINT WARNING * * *
You feel sick.
Okay, then.
It was a potion of might.
You feel very mighty all of a sudden.
* * * LOW HITPOINT WARNING * * *
You feel sick. The gnoll hits you with a +0 flail.
You die...

######### #.......#######
######## #..P....P..P..##
#......# #....P..≈≈......
#.##...####...P...≈≈≈P..##
#.##....g@......P≈≈≈≈.PP#
#.##...#####P≈≈♣≈≈≈≈≈≈..#
#.###..# #..≈≈≈≈≈≈≈≈≈.#
#.###..# #..♣≈≈≈≈≈≈≈≈.#
#......# #.P.≈≈≈≈≈≈≈≈.#
#####..# #.P..≈≈≈≈≈≈PP#
##g# #...).≈≈≈≈...# #.#
.P.PP..≈≈..P.# #.#
.P.....P...#


You could see a gnoll.

Vanquished Creatures
  An adder (D:2)
  2 worms (D:2)
  2 bats
  2 endoplasms (D:2)
  A giant cockroach (D:2)
  A goblin (D:2)
  3 hobgoblins
  A quokka (D:2)
  4 ball pythons
  A frilled lizard (D:1)
  4 kobolds
  6 rats
28 creatures vanquished.

Vanquished Creatures (others)
  A plant (D:2)
1 creature vanquished.

Grand Total: 29 creatures vanquished

Notes
Turn   | Place    | Note
-------+----------+-------------------------------------------
     0 | D:1      | siradein the Draconian Warper began the quest for the Orb.
     0 | D:1      | Reached XP level 1. HP: 17/17 MP: 3/3
   233 | D:1      | Reached skill level 1 in Throwing
   367 | D:1      | Reached XP level 2. HP: 24/25 MP: 5/5
   930 | D:1      | Learned a level 2 spell: Blink
  1231 | D:2      | Reached XP level 3. HP: 25/30 MP: 6/6
  1235 | D:2      | Learned a level 3 spell: Gell's Gravitas
  2003 | D:2      | Slain by a gnoll

Illustrated notes

Levels and vault maps discovered:
D:1:      dpeg_chamrin_arrival_tetris, layout_basic, serial_glass,
          glass_columns_a, glass_columns_b, glass_columns_a, glass_columns_a,
          glass_columns_a, glass_columns_a
D:2:      layout_loops_corners, serial_bayou_pond_e, guppyfry_early_lair_pool,
          uniq_jessica

Skill      XL: |  1 |
---------------+----+-----
Throwing       | 1 |  1.4
Fighting       | |  2.6
Maces & Flails | |  2.3
Dodging        | |  2.4
Spellcasting   | |  2.2
Translocations | |  3.3

Action                   || total
-------------------------++-------
Melee: Mace              ||    97
       Tailslap          ||     4
 Fire: Hunting sling     ||     7
  Use: Potion            ||     1
Armor: Skin              ||    40
Dodge: Dodged            ||    64

Table legend: (Time is in decaauts)
 A = Elapsed time spent in this place.
 B = Non-inter-level travel time spent in this place.
 C = Inter-level travel time spent in this place.
 D = Time resting spent in this place.
 E = Time spent auto-exploring this place.
 F = Levels seen in this place.
 G = Mean time per level.
                   A        B        C        D        E       F      G
               +--------+--------+--------+--------+--------+-----+--------+
         Total |   2040 |   2005 |     35 |    140 |   1508 |   2 | 1020.0 |
       Dungeon |   2040 |   2005 |     35 |    140 |   1508 |   2 | 1020.0 |
               +--------+--------+--------+--------+--------+-----+--------+

Top non-repeatable levels by time:
     D:2: 1101 daAuts
     D:1: 939 daAuts
